 Dungeon Crawl Stone Soup version 0.30-a0-879-ga8ba668304 (webtiles) character file.

Game seed: 4041010568409177698

328 jimonade the Magician (level 6, -1/43 HPs)
             Began as a Djinni Warper on Mar 14, 2023.
             Slain by an iguana (7 damage)
             ... on level 3 of the Dungeon.
             The game lasted 00:14:10 (3906 turns).

jimonade the Magician (Djinni Warper)               Turns: 3906, Time: 00:14:10

Health: -1/43      AC:  8    Str: 12    XL:     6   Next: 80%
Gold:   104        EV: 10    Int: 15    God:
                   SH:  0    Dex: 12

rFire   + + .      SeeInvis .    a - +0 spear
rCold   x . .      Faith    .    (no shield)
rNeg    . . .      Spirit   .    h - +0 ring mail
rPois   ∞          Reflect  .    (no helmet)
rElec   .          Rampage  .    (no cloak)
rCorr   .                        l - +2 pair of gloves
Will    .....                    (boots unavailable)
Stlth   +                        (no amulet)
HPRegen 0.27/turn                (no ring)
MPRegen 0.00/turn                (no ring)

@: flying
A: sickness immunity, fire resistance 2, cold vulnerability 1, float, innate
caster, HP casting, extra vitality 1
a: no special abilities


You were on level 3 of the Dungeon.
You visited 1 branch of the dungeon, and saw 4 of its levels.

You collected 104 gold pieces.

Inventory:

Hand Weapons
 a - a +0 spear (weapon)
 p - a +0 rapier
 y - a +0 whip
Missiles
 d - 7 boomerangs of dispersal
 e - 48 stones
 w - 6 atropa-tipped darts
 z - 3 silver boomerangs
Armour
 b - a +0 leather armour
 h - a +0 ring mail (worn)
 l - a +2 pair of gloves (worn)
 t - a +0 plate armour
 A - a +0 chain mail
Magical Staves
 n - a staff of air
Jewellery
 g - a ring of fire
 E - a ring of ice
Wands
 x - a wand of roots (10)
 D - a wand of paralysis (5)
Scrolls
 c - a scroll of blinking
 m - a scroll of summoning {unknown}
 o - 2 scrolls of teleportation {unknown}
 r - a scroll of silence {unknown}
 u - a scroll of immolation {unknown}
 v - a scroll of identify {unknown}
Potions
 f - 2 potions of resistance {unknown}
 i - 2 potions of attraction {unknown}
 j - a potion of cancellation {unknown}
 k - 4 potions of curing {unknown}
 q - a potion of lignification {unknown}
 s - a potion of magic {unknown}
 B - a potion of heal wounds {unknown}
 C - 2 potions of flight {unknown}


   Skills:
 - Level 2.0 Fighting
 - Level 1.5 Polearms
 - Level 0.7 Throwing
 - Level 1.0 Armour
 - Level 2.1 Dodging
 + Level 5.5 Spellcasting


You knew the following spells:

 Your Spells              Type           Power      Damage    Failure   Level
a - Blink                 Tloc           40%        N/A       5%          2
b - Lesser Beckoning      Tloc           40%        N/A       5%          2
c - Vhi's Electric Charg  Tloc/Air       40%        N/A       11%         3
d - Teleport Other        Tloc           20%        N/A       11%         3
e - Manifold Assault      Tloc           20%        N/A       36%         4
f - Apportation           Tloc           40%        N/A       3%          1
g - Static Discharge      Conj/Air       40%        2-4/arc   5%          2
Your spell library was empty.

Dungeon Overview and Level Annotations

Branches:
Dungeon (4/15)
 Temple: D:4-7

Altars:
Ashenzari
Dithmenos
Fedhas
Nemelex Xobeh
Qazlal
Ru
Uskayaw
Wu Jian
Xom
Zin

Annotations:
D:2 Sigmund


Innate Abilities, Weirdness & Mutations

You are immune to sickness and miasma.
You are immune to poison.
Your flesh is very heat resistant. (rF++)
You are vulnerable to cold. (rC-)
You float through the air rather than walking.
You learn spells naturally, not from books.
Your magical power is your life essence.
You have superior vitality. (+4 MHP)


Message History

You closely miss the scorpion.
The scorpion is almost dead.
The scorpion barely misses you. x2
You hit the scorpion but do no damage.
The scorpion is almost dead.
The scorpion stings you but does no damage.
You closely miss the scorpion.
The scorpion is almost dead.
The scorpion stings you.
* * * LOW HITPOINT WARNING * * *
You hit the scorpion but do no damage.
The scorpion is almost dead.
A gnoll comes into view. It is wielding a +0 whip.
The scorpion stings you.
* * * LOW HITPOINT WARNING * * *
The gnoll shouts!
You hit the scorpion.
You kill the scorpion!
A gnoll comes into view. It is wielding a +0 whip.
The gnoll shouts!
The gnoll attacks as you move away! The gnoll hits you but does no damage.
The gnoll attacks as you move away! The gnoll hits you but does no damage.
A gnoll comes into view. It is wielding a +0 halberd.
The gnoll shouts!
The gnoll attacks as you move away! The gnoll closely misses you.
There is a stone staircase leading up here.
The gnoll hits you but does no damage.
You fly upwards.
The iguana bites you!
* * * LOW HITPOINT WARNING * * *
The iguana barely misses you.
There is a stone staircase leading down here.
Unknown command.
Casting: Blink (safe; 5% risk of failure)
Confirm with . or Enter, or press ? or * to list all spells.
You blink.
* * * LOW HITPOINT WARNING * * *
The gnoll hits you but does no damage.
You feel stable enough to blink again. The iguana attacks as you move away!
The iguana bites you!
You die...

##.....#........####...#####.....
.####.........### ##............
.####...##....### ##.#####.....
.##......l......# #.# #.....
###.#.######..#.#### #.# #.....
....#.# #.........# #.# ######
.####l# #[).......# #.# .# #..#
#>........###.# ## #.##
#.....g@......#### ####.#
#.....l...##.....### .....##
#.........##...#...# #
##....################..###.#####
###.#......###### #..###...##.
###.######......# #........##.
.......# #......# #.#####..)..
.......# #......# #.# ###)#.
.......# #####.#######.### #...


You could see an iguana and a gnoll.

Vanquished Creatures
  A phantom (D:3)
  A scorpion (D:4)
  An orc priest (D:3)
  An iguana (D:3)
  4 adders
  2 worms
  3 dart slugs
  7 orcs
  7 ball pythons
  4 endoplasms
  3 giant cockroaches
  7 goblins
  5 hobgoblins
  3 jackals (D:1)
  7 kobolds
  4 quokkas
  7 bats
  3 frilled lizards
  2 rats
72 creatures vanquished.

Vanquished Creatures (others)
  A fungus (D:1)
1 creature vanquished.

Grand Total: 73 creatures vanquished

Notes
Turn   | Place    | Note
-------+----------+-------------------------------------------
     0 | D:1      | jimonade the Djinni Warper began the quest for the Orb.
     0 | D:1      | jimonade set off with the following spells memorised:
                  | Blink, Lesser Beckoning, Vhi's Electric Charge, Teleport
                  | Other, Manifold Assault.
     0 | D:1      | Reached XP level 1. HP: 18/18 MP: 0/0
   261 | D:1      | Reached XP level 2. HP: 23/23 MP: 0/0
   415 | D:1      | Found a faded altar of an unknown god.
   537 | D:1      | Reached skill level 3 in Spellcasting
  1084 | D:1      | Reached XP level 3. HP: 28/28 MP: 0/0
  1084 | D:1      | Learned a level 1 spell: Apportation
  1391 | D:2      | Reached XP level 4. HP: 29/33 MP: 0/0
  1596 | D:2      | Found a sparkling altar of Nemelex Xobeh.
  1825 | D:3      | Reached skill level 4 in Spellcasting
  1905 | D:3      | Reached XP level 5. HP: 38/38 MP: 0/0
  1905 | D:3      | Learned a level 2 spell: Static Discharge
  1975 | D:3      | Noticed Sigmund
  2226 | D:3      | Found a glowing silver altar of Zin.
  2591 | D:3      | Found a faded altar of an unknown god.
  2686 | D:3      | Found a shadowy altar of Dithmenos.
  3188 | D:4      | Noticed a phantom
  3222 | D:3      | Killed a phantom
  3223 | D:3      | Reached skill level 5 in Spellcasting
  3223 | D:3      | Reached XP level 6. HP: 2/43 MP: 0/0
  3539 | D:4      | Found a sparkling altar of Nemelex Xobeh.
  3540 | D:4      | Found a broken altar of Ashenzari.
  3540 | D:4      | Found an ornate altar of the Wu Jian Council.
  3540 | D:4      | Found a stormy altar of Qazlal.
  3541 | D:4      | Found a shimmering altar of Xom.
  3784 | D:4      | Found a sacrificial altar of Ru.
  3784 | D:4      | Found a blossoming altar of Fedhas.
  3785 | D:4      | Found a hide-covered altar of Uskayaw.
  3847 | D:4      | HP: 1/43 [scorpion (6)]
  3906 | D:3      | Slain by an iguana

Illustrated notes

Levels and vault maps discovered:
D:1:      onia_arrival_mini_maze_b, layout_loops_ring,
          dreamdust_ecumenical_altar_angels_and_demons, minmay_misc_feat_roman,
          minmay_liquid_box
D:2:      layout_rooms, basic_altar
D:3:      layout_rooms, mainiacjoe_overflow_paths,
          nicolae_overflow_ecumenical_swirl, uniq_sigmund
D:4:      layout_cave_pools, mainiacjoe_overflow_catwalk,
          grunt_temple_overflow_open, minmay_shop_grid_forest,
          supply_closet_lemuel

Skill      XL: |  1  2  3  4  5 |
---------------+----------------+-----
Spellcasting   | 3 4 5 |  5.5
Fighting       | |  2.0
Polearms       | |  1.5
Throwing       | |  0.7
Armour         | |  1.0
Dodging        | |  2.1

Action                     |  1- 3 |  4- 6 || total
---------------------------+-------+-------++-------
  Melee: Spear             |   162 |   215 ||   377
         Punch             |       |     3 ||     3
   Cast: Static Discharge  |       |    14 ||    14
         Blink             |       |    11 ||    11
 Armour: Leather armour    |    13 |       ||    13
         Ring mail         |    59 |    99 ||   158
  Dodge: Dodged            |    76 |   120 ||   196

Table legend: (Time is in decaauts)
 A = Elapsed time spent in this place.
 B = Non-inter-level travel time spent in this place.
 C = Inter-level travel time spent in this place.
 D = Time resting spent in this place.
 E = Time spent auto-exploring this place.
 F = Levels seen in this place.
 G = Mean time per level.
                   A        B        C        D        E       F      G
               +--------+--------+--------+--------+--------+-----+--------+
         Total |   3924 |   3786 |    138 |    749 |   1804 |   4 |  981.0 |
       Dungeon |   3924 |   3786 |    138 |    749 |   1804 |   4 |  981.0 |
               +--------+--------+--------+--------+--------+-----+--------+

Top non-repeatable levels by time:
     D:3: 1618 daAuts
     D:1: 1131 daAuts
     D:2: 652 daAuts
     D:4: 522 daAuts
